 Dungeon Crawl Stone Soup version 0.23-a0-767-gdc19b93d68 (webtiles) character file.

147 Morti the Caller (level 5, -5/28 HPs)
             Began as a Deep Elf Summoner on Jan 28, 2019.
             Killed by divine providence
             ... invoked by an orc priest
              (14 damage)
             ... on level 3 of the Dungeon.
             The game lasted 00:32:23 (3695 turns).

Morti the Caller (Deep Elf Summoner)                Turns: 3695, Time: 00:32:24

Health: -5/28      AC:  2    Str:  5    XL:     5   Next: 7%
Magic:  10/13      EV: 14    Int: 21    God:
Gold:   159        SH:  0    Dex: 15    Spells: 10/13 levels left

rFire    . . .     SeeInvis .   n - +0 hunting sling
rCold    . . .     Gourm    .   (no shield)
rNeg     . . .     Faith    .   a - +0 robe
rPois    .         Spirit   .   (no helmet)
rElec    .         Reflect  .   (no cloak)
rCorr    .         Harm     .   (no gloves)
MR       .....                  (no boots)
Stlth    +++.......             (no amulet)
HPRegen  0.09/turn              (no ring)
MPRegen  0.13/turn              (no ring)

@: no status effects
A: no striking features
a: no special abilities


You were on level 3 of the Dungeon.
You were not hungry.

You visited 1 branch of the dungeon, and saw 3 of its levels.

You collected 159 gold pieces.

Inventory:

Hand Weapons
 n - a +0 hunting sling (weapon)
Missiles
 b - 67 stones (quivered)
 i - 7 sling bullets
Armour
 a - a +0 robe (worn)
Jewellery
 k - an uncursed ring of stealth {unknown}
 p - an uncursed ring of poison resistance {unknown}
 s - an uncursed amulet of guardian spirit {unknown}
Scrolls
 d - a scroll of remove curse {unknown}
 e - a scroll of amnesia {unknown}
 g - a scroll of fog {unknown}
 j - 2 scrolls of identify
Potions
 f - 3 potions of berserk rage
 h - a potion of resistance
 l - a potion of heal wounds {unknown}
 m - 3 potions of agility {unknown}
 o - a potion of flight {unknown}
 r - a potion of haste {unknown}
Comestibles
 c - 4 rations


   Skills:
 + Level 3.7 Dodging
 + Level 4.1 Stealth
 + Level 4.5 Spellcasting
 - Level 5.0 Summonings


You had 10 spell levels left.
You knew the following spells:

 Your Spells              Type           Power        Failure   Level  Hunger
a - Summon Small Mammal   Summ           ####         1%          1    None
b - Call Imp              Summ           ####....     2%          2    #......

Your spell library contained the following spells:

 Spells                   Type           Power        Failure   Level  Hunger
 Call Canine Familiar     Summ           ####....     4%          3    ##.....
 Summon Guardian Golem    Hex/Summ       ###.....     12%         3    ##.....
 Summon Ice Beast         Ice/Summ       ###.....     38%         4    ####...
 Summon Lightning Spire   Summ/Air       ###.....     38%         4    ####...


Dungeon Overview and Level Annotations

Branches:
Dungeon (3/15)

Altars:


Message History

Beogh smites you!
A goblin comes into view. It is wielding a +0 dagger.
The orc priest closely misses your crimson imp.
Your crimson imp blinks!
You swap places.
Your crimson imp closely misses the goblin.
The goblin hits your crimson imp with a +0 dagger.
Your crimson imp closely misses the goblin.
The orc priest closely misses your crimson imp.
Your crimson imp hits the orc priest.
Your crimson imp hits the goblin.
The goblin dies!
Your crimson imp barely misses the orc priest.
Your crimson imp blinks!
The orc priest calls down the wrath of Beogh upon you.
Beogh smites you!
Your crimson imp hits the orc priest.
The orc priest invokes the aid of Beogh against you.
Beogh smites you!
Ouch! That really hurt!
You die...

#### ##.## #5#5## .###[## ##
##.# .###.##########
#5#...........#
##.########...##############
.### #.....@...5.)5...? 5#
#...########5o.... .# ###.#
####. .# ##.###### .#
#)........ .# #..####### .#
#........ .# #.######. .#
#.#


You could see an orc priest and 3 friendly crimson imps.

Vanquished Creatures
  An orc (D:3)
  A bat (D:3)
  A hobgoblin (D:3)
  A rat (D:3)
4 creatures vanquished.

Vanquished Creatures (collateral kills)
  A water moccasin (D:3)
  An orc priest (D:3)
  7 adders
  An ooze (D:1)
  A dart slug (D:1)
  2 leopard geckos
  An orc (D:3)
  5 bats
  4 giant cockroaches
  6 hobgoblins
  4 jackals (D:3)
  A quokka (D:3)
  2 ball pythons (D:1)
  2 frilled lizards (D:1)
  11 goblins
  2 kobolds (D:3)
  10 rats
61 creatures vanquished.

Grand Total: 65 creatures vanquished

Notes
Turn   | Place    | Note
-------+----------+-------------------------------------------
     0 | D:1      | Morti the Deep Elf Summoner began the quest for the Orb.
     0 | D:1      | Reached XP level 1. HP: 10/10 MP: 6/6
   877 | D:1      | Reached XP level 2. HP: 15/15 MP: 4/8
   881 | D:1      | Learned a level 2 spell: Call Imp
  1794 | D:2      | Reached XP level 3. HP: 19/19 MP: 3/10
  1891 | D:2      | Found a faded altar of an unknown god.
  2964 | D:3      | Noticed a water moccasin
  2987 | D:3      | Killed a water moccasin
  2987 | D:3      | Reached skill level 5 in Summonings
  2987 | D:3      | Reached XP level 4. HP: 4/24 MP: 3/12
  3387 | D:3      | Reached XP level 5. HP: 17/28 MP: 8/13
  3695 | D:3      | Killed from afar by an orc priest

Vault maps used:
D:1:      dpeg_arrival_three_same_balls
D:2:      chequers_ecumenical_altar_island
D:3:      first_ration

Skill      XL: |  1  2  3  4 |
---------------+-------------+-----
Stealth        | 3 4 |  4.1
Dodging        | 3 |  3.7
Spellcasting   | 4 |  4.5
Summonings     | 5 |  5.0

Action                   |  1- 3 |  4- 6 || total
-------------------------+-------+-------++-------
Melee: Unarmed           |     4 |       ||     4
 Fire: Hunting sling     |     2 |    10 ||    12
Throw: Stone             |     2 |       ||     2
 Cast: Summon Small Mamm |    32 |       ||    32
       Call Imp          |    38 |    14 ||    52
  Use: Scroll            |     2 |       ||     2
  Eat: Chunk             |     6 |     3 ||     9
Armor: Robe              |     7 |     2 ||     9
Dodge: Dodged            |    22 |     4 ||    26

Table legend:
 A = Non-vault XP
 B = Vault XP
 C = Vault XP percentage of total XP
 D = Non-vault monster count
 E = Vault monster count
 F = Vault count percentage of total count
                 A         B        C        D         E       F
            +---------+---------+-------+---------+---------+-------
      Total |     210 |       0 |   0.0 |      65 |       0 |   0.0
            +---------+---------+-------+---------+---------+-------
        D:1 |      31 |       0 |   0.0 |      27 |       0 |   0.0
        D:2 |      41 |       0 |   0.0 |      16 |       0 |   0.0
        D:3 |     138 |       0 |   0.0 |      22 |       0 |   0.0
            +---------+---------+-------+---------+---------+-------
